SA
WASHINGTON GENERALS @ LAREDO HAWKS
07/16/2041
 
TOP OF THE 1ST
Washington Generals batting - Pitching for Laredo Hawks : LHP Cooper Carroll
Pitching: LHP Cooper Carroll
Batting: RHB Xavier Hutchesson 0-0: Called Strike
0-1: Ball
1-1: Swinging Strike
1-2: Strikes out swinging
Batting: LHB Sam Bickerton 0-0: Foul Ball, location: 2F
0-1: Called Strike
0-2: Ball
1-2: Ball
2-2: Strikes out swinging
Batting: RHB Axel Chicote 0-0: Ball
1-0: Swinging Strike
1-1: Ball
2-1: Called Strike
2-2: Ball
3-2: Foul Ball, location: 2F
3-2: Foul Ball, location: 2F
3-2: Foul Ball, location: 2F
3-2: Foul Ball, location: 2F
3-2: Strikes out swinging
Top of the 1st over - 0 runs, 0 hits, 0 errors, 0 left on base; Washington 0 - Laredo 0
BOTTOM OF THE 1ST
Laredo Hawks batting - Pitching for Washington Generals : RHP José Espinosa
Pitching: RHP José Espinosa
Batting: RHB Daniel MacKinder 0-0: Called Strike
0-1: Called Strike
0-2: Ball
1-2: Fly out, F5 (Line Drive, 5, EV 64.4 MPH)
Batting: LHB Walker Ragland 0-0: SINGLE (Groundball, 34D, EV 98.1 MPH)
Batting: RHB Woody Maxwell 0-0: Ball
1-0: Foul Ball, location: 2F
1-1: Ball
2-1: Swinging Strike
2-2: Foul Ball, location: 2F
2-2: DOUBLE (Flyball, 8RXD, EV 105.6 MPH)
Walker Ragland to third
Runner from 3rd tries for Home, SAFE, no throw by CF
Batting: RHB Jessie Gibbs 0-0: Called Strike
0-1: Ground out 4-3 (Groundball, 34, EV 85.6 MPH)
Woody Maxwell to third
Batting: RHB Todd Walker 0-0: Ball
1-0: Ball
2-0: Foul Ball, location: 2F
2-1: Foul Ball, location: 2F
2-2: Ball
3-2: SINGLE (Groundball, 6MD, EV 109.4 MPH)
Woody Maxwell scores
Batting: RHB Neung-uk Yi 0-0: Ball
1-0: Ball
2-0: Called Strike
2-1: Swinging Strike
2-2: Foul Ball, location: 2F
2-2: SINGLE (Line Drive, 89M, EV 94.4 MPH)
Todd Walker to second
Runner from 2nd tries for 3rd, SAFE, no throw by RF
Batting: LHB João Lourenço 0-0: Foul Ball, location: 2F
0-1: Ball
1-1: Ball
2-1: Foul Ball, location: 2F
2-2: Fielders Choice at 2nd, 5-4 (Groundball, 5L, EV 105.0 MPH)
Bottom of the 1st over - 2 runs, 4 hits, 0 errors, 2 left on base; Washington 0 - Laredo 2
TOP OF THE 2ND
Washington Generals batting - Pitching for Laredo Hawks : LHP Cooper Carroll
Batting: LHB Cho-yun Yip 0-0: Ball
1-0: Fly out, F9 (Flyball, 9S, EV 88.8 MPH)
Batting: RHB Gadiel Fida 0-0: Foul Ball, location: 2F
0-1: Ground out 5-3 (Groundball, 56S, EV 66.9 MPH)
Batting: RHB Mo Westoby 0-0: Ball
1-0: Ground out 6-3 (Groundball, 6, EV 92.5 MPH)
Top of the 2nd over - 0 runs, 0 hits, 0 errors, 0 left on base; Washington 0 - Laredo 2
BOTTOM OF THE 2ND
Laredo Hawks batting - Pitching for Washington Generals : RHP José Espinosa
Batting: LHB Dan Parker 0-0: Ball
1-0: Foul Ball, location: 2F
1-1: Foul Ball, location: 2F
1-2: Foul Ball, location: 2F
1-2: Ball
2-2: Reached on error, E5 (Popup, 56S, EV 80.0 MPH)
Batting: RHB Elwiin de Meij 0-0: Ball
1-0: Called Strike
1-1: Foul Ball, location: 2F
1-2: Ball
Wild Pitch!
Dan Parker to second
2-2: SINGLE (Line Drive, 8RS, EV 90.6 MPH)
Dan Parker to third
Batting: RHB Daniel MacKinder 0-0: Ball
1-0: Foul Ball, location: 2F
1-1: Foul Ball, location: 2F
1-2: Fielders Choice at 2nd, 3-6 (Groundball, 3, EV 100.0 MPH)
Dan Parker scores
Batting: LHB Walker Ragland 0-0: Called Strike
0-1: Called Strike
0-2: Ball
1-2: Ball
2-2: Ball
3-2: Foul Ball, location: 2F
3-2: Fielders Choice at 2nd, 4-6 (Groundball, 34D, EV 85.6 MPH)
Batting: RHB Woody Maxwell 0-0: Called Strike
0-1: Ground out 6-3 (Groundball, 6S, EV 68.1 MPH)
Bottom of the 2nd over - 1 run, 1 hit, 1 error, 1 left on base; Washington 0 - Laredo 3
TOP OF THE 3RD
Washington Generals batting - Pitching for Laredo Hawks : LHP Cooper Carroll
Batting: LHB Won-shik Yi 0-0: Fly out, F7 (Flyball, 7S, EV 90.6 MPH)
Batting: RHB Ramón García 0-0: Called Strike
0-1: SINGLE (Groundball, 5D, EV 98.8 MPH)
Batting: RHB Roberto Suárez 0-0: Ball
1-0: Foul Ball, location: 2F
1-1: Ball
2-1: SINGLE (Groundball, 6MD, EV 104.4 MPH)
Ramón García to second
Batting: RHB Xavier Hutchesson 0-0: Called Strike
0-1: Ball
1-1: Fly out, F8 (Line Drive, 8RD, EV 90.0 MPH)
Batting: LHB Sam Bickerton 0-0: Ground out 1-3 (Groundball, 34S, EV 93.8 MPH)
Top of the 3rd over - 0 runs, 2 hits, 0 errors, 2 left on base; Washington 0 - Laredo 3
BOTTOM OF THE 3RD
Laredo Hawks batting - Pitching for Washington Generals : RHP José Espinosa
Batting: RHB Jessie Gibbs 0-0: Fly out, F8 (Flyball, 8LS, EV 77.5 MPH)
Batting: RHB Todd Walker 0-0: Ball
1-0: Ball
2-0: Ball
3-0: Base on Balls
Batting: RHB Neung-uk Yi 0-0: Fly out, F8 (Line Drive, 8RD, EV 105.6 MPH)
Batting: LHB João Lourenço 0-0: Foul Ball, location: 2F
0-1: Foul Ball, location: 2F
0-2: Ball
1-2: Strikes out swinging
Bottom of the 3rd over - 0 runs, 0 hits, 0 errors, 1 left on base; Washington 0 - Laredo 3
TOP OF THE 4TH
Washington Generals batting - Pitching for Laredo Hawks : LHP Cooper Carroll
Batting: RHB Axel Chicote 0-0: Ball
1-0: Ball
2-0: Ground out 6-3 (Groundball, 6, EV 89.4 MPH)
Batting: LHB Cho-yun Yip 0-0: Called Strike
0-1: Ball
1-1: Ball
2-1: Ball
3-1: Called Strike
3-2: Strikes out looking
Batting: RHB Gadiel Fida 0-0: Fly out, F7 (Flyball, 78M, EV 88.1 MPH)
Top of the 4th over - 0 runs, 0 hits, 0 errors, 0 left on base; Washington 0 - Laredo 3
BOTTOM OF THE 4TH
Laredo Hawks batting - Pitching for Washington Generals : RHP José Espinosa
Batting: LHB Dan Parker 0-0: Called Strike
0-1: Ball
1-1: Fly out, F8 (Flyball, 78S, EV 95.6 MPH)
Batting: RHB Elwiin de Meij 0-0: Ball
1-0: Ground out 6-3 (Groundball, 6MS, EV 86.9 MPH)
Batting: RHB Daniel MacKinder 0-0: Called Strike
0-1: Swinging Strike
0-2: Ball
1-2: Ball
2-2: Strikes out looking
Bottom of the 4th over - 0 runs, 0 hits, 0 errors, 0 left on base; Washington 0 - Laredo 3
TOP OF THE 5TH
Washington Generals batting - Pitching for Laredo Hawks : LHP Cooper Carroll
Batting: RHB Mo Westoby 0-0: Called Strike
0-1: Ball
1-1: Foul Ball, location: 2F
1-2: Strikes out looking
Batting: LHB Won-shik Yi 0-0: Ball
1-0: Swinging Strike
1-1: Swinging Strike
1-2: Ball
2-2: Foul Ball, location: 2F
2-2: Ball
3-2: Foul Ball, location: 2F
3-2: Foul Ball, location: 2F
3-2: DOUBLE (Flyball, 8RXD, EV 99.4 MPH)
Batting: RHB Ramón García 0-0: Ball
1-0: Ball
2-0: Swinging Strike
2-1: Foul Ball, location: 2F
2-2: Foul Ball, location: 2F
2-2: Ball
3-2: Strikes out looking
Batting: RHB Roberto Suárez 0-0: Fly out, F9 (Flyball, 9S, EV 75.0 MPH)
Top of the 5th over - 0 runs, 1 hit, 0 errors, 1 left on base; Washington 0 - Laredo 3
BOTTOM OF THE 5TH
Laredo Hawks batting - Pitching for Washington Generals : RHP José Espinosa
Batting: LHB Walker Ragland 0-0: Foul Ball, location: 2F
0-1: Called Strike
0-2: Ball
1-2: Ground out 1-3 (Groundball, 13, EV 67.5 MPH)
Batting: RHB Woody Maxwell 0-0: Called Strike
0-1: Called Strike
0-2: Ball
1-2: Fly out, F8 (Flyball, 78XD, EV 96.9 MPH)
Batting: RHB Jessie Gibbs 0-0: Foul Ball, location: 2F
0-1: SINGLE (Groundball, 6M, EV 103.1 MPH)
Batting: RHB Todd Walker 0-0: Called Strike
0-1: Foul Ball, location: 2F
0-2: Strikes out swinging
Bottom of the 5th over - 0 runs, 1 hit, 0 errors, 1 left on base; Washington 0 - Laredo 3
TOP OF THE 6TH
Washington Generals batting - Pitching for Laredo Hawks : LHP Cooper Carroll
Batting: RHB Xavier Hutchesson 0-0: Foul Ball, location: 2F
0-1: Fly out, F2 (Popup, 23F, EV 88.1 MPH)
Batting: LHB Sam Bickerton 0-0: Ball
1-0: Foul Ball, location: 2F
1-1: Called Strike
1-2: Ball
2-2: Ground out 6-3 (Groundball, 6M, EV 113.8 MPH)
Batting: RHB Axel Chicote 0-0: Foul Ball, location: 2F
0-1: Ball
1-1: Foul Ball, location: 2F
1-2: Fly out, F7 (Flyball, 78S, EV 77.5 MPH)
Top of the 6th over - 0 runs, 0 hits, 0 errors, 0 left on base; Washington 0 - Laredo 3
BOTTOM OF THE 6TH
Laredo Hawks batting - Pitching for Washington Generals : RHP José Espinosa
Batting: RHB Neung-uk Yi 0-0: Called Strike
0-1: Swinging Strike
0-2: Foul Ball, location: 2F
0-2: Ball
1-2: Ball
2-2: Ball
3-2: Strikes out swinging
Batting: LHB João Lourenço 0-0: Ball
1-0: Called Strike
1-1: Ball
2-1: Foul Ball, location: 2F
2-2: DOUBLE (Line Drive, 9LS, EV 107.5 MPH)
Pitching: LHP Sung-tae O
Batting: LHB Dan Parker 0-0: Ball
1-0: Swinging Strike
1-1: Called Strike
1-2: Strikes out swinging
Batting: RHB Elwiin de Meij 0-0: Ball
1-0: Swinging Strike
1-1: Ball
2-1: Called Strike
2-2: Strikes out swinging
Bottom of the 6th over - 0 runs, 1 hit, 0 errors, 1 left on base; Washington 0 - Laredo 3
TOP OF THE 7TH
Washington Generals batting - Pitching for Laredo Hawks : LHP Cooper Carroll
Batting: LHB Cho-yun Yip 0-0: Called Strike
0-1: Ground out 6-3 (Groundball, 4M, EV 96.9 MPH)
Batting: RHB Gadiel Fida 0-0: Ball
1-0: Ball
2-0: Ground out 6-3 (Groundball, 6, EV 85.6 MPH)
Pitching: RHP Eric Hurt
Batting: RHB Mo Westoby 0-0: Ball
1-0: Called Strike
1-1: Ball
2-1: Ball
3-1: Base on Balls
Batting: LHB Won-shik Yi 0-0: Ball
1-0: Ball
2-0: Foul Ball, location: 2F
2-1: Swinging Strike
2-2: Strikes out swinging
Top of the 7th over - 0 runs, 0 hits, 0 errors, 1 left on base; Washington 0 - Laredo 3
BOTTOM OF THE 7TH
Laredo Hawks batting - Pitching for Washington Generals : LHP Sung-tae O
Batting: RHB Daniel MacKinder 0-0: Foul Ball, location: 2F
0-1: Foul Ball, location: 2F
0-2: Ball
1-2: DOUBLE (Groundball, 5L, EV 94.4 MPH)
Batting: LHB Walker Ragland 0-0: Ball
1-0: Ground out 4-3 (Groundball, 4, EV 105.0 MPH)
Daniel MacKinder to third
Batting: RHB Woody Maxwell 0-0: Called Strike
0-1: Fly out, F3 (Popup, 34S, EV 76.2 MPH)
Batting: RHB Jessie Gibbs 0-0: Ball
1-0: Called Strike
1-1: Foul Ball, location: 2F
1-2: Foul Ball, location: 2F
1-2: Fly out, F8 (Flyball, 8LD, EV 95.0 MPH)
Bottom of the 7th over - 0 runs, 1 hit, 0 errors, 1 left on base; Washington 0 - Laredo 3
TOP OF THE 8TH
Washington Generals batting - Pitching for Laredo Hawks : RHP Eric Hurt
Batting: RHB Ramón García 0-0: Ground out 5-3 (Groundball, 5, EV 85.0 MPH)
Batting: RHB Roberto Suárez 0-0: Ball
1-0: Called Strike
1-1: Foul Ball, location: 2F
1-2: SINGLE (Groundball, 6D, EV 105.0 MPH)
Batting: RHB Xavier Hutchesson 0-0: Ball
1-0: Ball
2-0: Called Strike
2-1: Ball
3-1: Swinging Strike
3-2: Foul Ball, location: 2F
3-2: Base on Balls
Roberto Suárez to second
Pitching: RHP Domingo Jones
Batting: LHB Sam Bickerton 0-0: Ball
1-0: Called Strike
1-1: DOUBLE (Groundball, 5L, EV 108.1 MPH)
Roberto Suárez scores
Xavier Hutchesson to third
Runner from 3rd tries for Home, SAFE, no throw by LF
Pinch Hitting: SHB Nathan Polkinghorne 0-0: Ball
1-0: Ball
2-0: Ball
3-0: Base on Balls
Batting: LHB Cho-yun Yip 0-0: Ball
1-0: Ball
2-0: Ball
3-0: Base on Balls
Sam Bickerton to third
Nathan Polkinghorne to second
Batting: RHB Gadiel Fida 0-0: Grounds into fielders choice 5-2 (Groundball, 5L, EV 80.6 MPH)
Nathan Polkinghorne to third
Cho-yun Yip to second
Pinch Hitting: LHB Michael Hutchinson 0-0: Ball
1-0: Foul Ball, location: 2F
1-1: Foul Ball, location: 2F
1-2: Foul Ball, location: 2F
1-2: Ball
2-2: Foul Ball, location: 2F
2-2: Ball
3-2: Foul Ball, location: 2F
3-2: Strikes out looking
Top of the 8th over - 2 runs, 2 hits, 0 errors, 3 left on base; Washington 2 - Laredo 3
BOTTOM OF THE 8TH
Laredo Hawks batting - Pitching for Washington Generals : LHP Sung-tae O
Now at SS: Dadabhvai Dattachaudhuri
Now in LF: Joe Gilmore
Batting: RHB Todd Walker 0-0: SINGLE (Groundball, 34D, EV 101.2 MPH)
Batting: RHB Neung-uk Yi 0-0: Ball
1-0: Fielders Choice at 2nd, 4-6 (Groundball, 4, EV 75.6 MPH)
Batting: LHB João Lourenço 0-0: Ball
1-0: Called Strike
1-1: Swinging Strike
1-2: Ball
2-2: Strikes out swinging
Batting: LHB Dan Parker 0-0: Foul Ball, location: 2F
0-1: Called Strike
0-2: Ball
1-2: Foul Ball, location: 2F
1-2: Strikes out looking
Bottom of the 8th over - 0 runs, 1 hit, 0 errors, 1 left on base; Washington 2 - Laredo 3
TOP OF THE 9TH
Washington Generals batting - Pitching for Laredo Hawks : RHP Domingo Jones
Batting: LHB Won-shik Yi 0-0: Ball
1-0: Ball
2-0: Called Strike
2-1: SINGLE (Line Drive, 78D, EV 110.6 MPH)
Batting: RHB Ramón García 0-0: Ball
1-0: Fly out, F9 (Line Drive, 9, EV 99.4 MPH)
Batting: RHB Roberto Suárez 0-0: Called Strike
0-1: Swinging Strike
0-2: Foul Ball, location: 2F
0-2: Grounds into double play, 4-6-3 (Groundball, 4, EV 103.1 MPH)
Top of the 9th over - 0 runs, 1 hit, 0 errors, 0 left on base; Washington 2 - Laredo 3
Tuesday, January 5th, 2021 - OOTP Baseball 20.8 Build 74